 Dungeon Crawl Stone Soup version 0.31.0-32-g396128a36d (webtiles) character file.

Game seed: 3285003022763599825

127097 Xomster the Severer (level 16, 0/151 HPs)
             Began as a Minotaur Berserker on Mar 18, 2024.
             Was the Champion of Trog.
             Killed by angry trees
             ... awakened by a spriggan druid
              (19 damage)
             ... on level 1 of the Swamp on Mar 19, 2024.
             The game lasted 02:08:26 (28072 turns).

Xomster the Severer (Minotaur Berserker)           Turns: 28072, Time: 02:08:26

Health: 0/151      AC: 25    Str: 35    XL:     16   Next: 45%
Magic:  15/15      EV: 14    Int:  4    God:    Trog [******]
Gold:   1096       SH: 11    Dex: 11    Spells: 15/15 levels left

rFire   . . .        a - +2 broad axe (venom)
rCold   . . .        P - +2 buckler {reflect}
rNeg    + + +        O - +0 plate armour
rPois   .            e - +0 hat {Will+}
rElec   +            (no cloak)
rCorr   +            k - +1 pair of gloves
SInv    +            h - +1 pair of boots
Will    +....        (no amulet) Stlth
                     p - ring of the Octopus King {rCorr HP+2 AC+2 EV+2 SH+2}
HPRegen 0.45/turn    v - ring "Tierphee" {rElec rN+++ Will- Str+6 SInv}
MPRegen 0.14/turn

%: reflection
@: no status effects
A: horns 2, retaliatory headbutt
a: Renounce Religion, Berserk, Trog's Hand, Brothers in Arms


You were on level 1 of the Swamp.
You worshipped Trog.
Trog was exalted by your worship.
You visited 4 branches of the dungeon, and saw 23 of its levels.

You collected 2879 gold pieces.
You spent 1783 gold pieces at shops.

Inventory:

Hand Weapons
 a - a +2 broad axe of venom (weapon)
 b - a +4 war axe of flaming
Missiles
 g - 15 poisoned darts (quivered)
 q - 5 atropa-tipped darts
 A - 10 javelins
 H - 4 datura-tipped darts
 I - 7 curare-tipped darts
Armour
 e - a +0 hat of willpower (worn)
 h - a +1 pair of boots (worn)
 k - a +1 pair of gloves (worn)
 O - a +0 plate armour (worn)
 P - a +2 buckler of reflection (worn)
Jewellery
 c - a ring of magical power
 p - a ring of the Octopus King (left hand) {rCorr HP+2 AC+2 EV+2 SH+2}
   (You bought it in a shop on level 2 of the Orcish Mines)

   [ring of resist corrosion]

   AC+2:      It affects your AC (+2).
   EV+2:      It affects your evasion (+2).
   HP+2:      It affects your health (+2).
   rCorr:     It protects you from acid and corrosion.
   SH+2:      It affects your SH (+2).
 v - the ring "Tierphee" (right hand) {rElec rN+++ Will- Str+6 SInv}
   (You bought it in a shop on level 2 of the Orcish Mines)

   [ring of strength]

   Str+6:     It affects your strength (+6).
   rElec:     It insulates you from electricity.
   rN+++:     It renders you almost immune to negative energy.
   Will-:     It decreases your willpower.
   SInv:      It lets you see invisible.
 V - the ring "Qunaugh" {rPois rCorr}
   (You found it on level 5 of the Lair of Beasts)

   [ring of resist corrosion]

   rPois:     It protects you from poison rCorr: It protects you from acid and
   corrosion.
Wands
 n - a wand of mindburst (24)
 w - a wand of quicksilver (18)
 x - a wand of polymorph (10)
 E - a wand of paralysis (6)
 G - a wand of roots (3)
 J - a wand of flame (21)
Scrolls
 i - 11 scrolls of vulnerability
 m - 4 scrolls of identify
 o - 4 scrolls of blinking
 t - a scroll of enchant weapon
 y - 5 scrolls of teleportation
 z - 3 scrolls of immolation
 C - a scroll of torment
 F - a scroll of silence
 L - 3 scrolls of enchant armour
 Q - 3 scrolls of poison
 R - a scroll of fear
 U - a scroll of butterflies
Potions
 d - 8 potions of heal wounds
 f - a potion of might
 j - 2 potions of lignification
 l - 7 potions of curing
 r - 5 potions of attraction
 s - a potion of resistance
 u - 2 potions of cancellation
 B - 2 potions of invisibility
 D - 3 potions of brilliance
 K - 3 potions of mutation
 M - 7 potions of haste
 N - 5 potions of enlightenment
 S - a potion of magic {unknown}
 T - a potion of ambrosia {unknown}


   Skills:
 + Level 15.6 Fighting
 - Level 20.9 Axes
 + Level 17.7 Armour
 - Level 10.2 Dodging
 - Level 14.4 Shields


You had 15 spell levels left.
You didn't know any spells.
Your spell library was empty.

Dungeon Overview and Level Annotations

Branches:
Dungeon (15/15)            Temple (0/1) D:6            Lair (5/5) D:9
  Swamp (1/4) Lair:3       Spider (0/4) Lair:3        Slime (0/5) Lair:5
    Orc (2/2) D:11            Elf (0/3) Orc:2        Vaults (0/5) D:13
 Depths (0/4) D:15

Altars:
Dithmenos
Elyvilon
Gozag
Makhleb
Nemelex Xobeh
Okawaru
Qazlal
Ru
Trog
Uskayaw
Vehumet
Xom
Yredelemnul

Shops:
D:11 *   Orc:1 [*:(*   Orc:2 ==([

Annotations:
D:8 exclusion: statue
D:10 3 runed translucent doors, cfcfcfcfcf's ghost, journeyman FoFi; eggzz's ghost, journeyman MiFi; elbjorno's ghost, journeyman OnSh; riffraff's ghost, journeyman HOFi
D:13 exclusion: downstairs
Lair:4 exclusion: oklob plant


Innate Abilities, Weirdness & Mutations

You have a pair of horns on your head.
You reflexively headbutt those who attack you in melee.


Message History

You hit the spriggan rider.
The spriggan rider looks as sick as possible!
You headbutt the spriggan rider, but do no damage.
The spriggan rider is moderately wounded.
The spriggan rider barely misses you. You furiously retaliate!
You headbutt the spriggan rider.
A spriggan druid comes into view. It is wielding a +0 quarterstaff.
You barely miss the spriggan rider.
The spriggan druid shouts!
You headbutt the spriggan rider!!
The spriggan rider is severely wounded.
You slash the spriggan rider!
You kill the spriggan rider!
Trog accepts your kill.
You kill the hornet!
Trog accepts your kill.
The spriggan druid gestures at you while chanting.
The stone arrow hits you!
Things that are here:
a +0 spear; a spriggan corpse The spriggan druid hits you with a +0 quarterstaff!
You closely miss the spriggan druid.
The spriggan druid gestures wildly while chanting.
The forest starts to sway and rumble!
You miss the spriggan druid.
Your headbutt misses the spriggan druid.
Tree limbs sway around you.
You are hit by a branch!
* * * LOW HITPOINT WARNING * * *
A tree reaches out and hits you!
* * * LOW HITPOINT WARNING * * *
You block the spriggan druid's attack.
You slice the spriggan druid!!
Your headbutt misses the spriggan druid.
The spriggan druid is heavily wounded.
A tree reaches out and hits you!
* * * LOW HITPOINT WARNING * * *
The spriggan druid splashes around in the water.
A root smacks you from below!!
You die...

..~♣♣..~♣♣~.......~....~~~...
♣♣♣♣♣..~♣♣...♣♣♣~.....~~~....
♣♣♣♣♣♣....♣♣.~~~♣♣♣♣~...~
♣.§~~..~~~~.~..~~~~§
♣..~~~~~~§~~~..~.~~
♣♣♣♣.~~~~~§~~~~♣~.
♣♣~~..~~~~~~...♣♣ ~
♣~....~~~..~♣♣♣♣
♣♣>..[...)@~♣♣ ♣♣~.~....~♣..♣
♣~.~~~~~~.§~i.♣
♣♣♣♣♣.~§~.~§..~§...~
♣>....~~........~~.!~~
♣.....~§..♣~~♣♣♣♣♣♣~...
♣♣♣♣♣♣♣♣♣♣♣♣♣♣ ♣♣♣♣


You could see a spriggan druid.

Vanquished Creatures
  Kirke (Lair:3)
  The ghost of postfeelist the Slicer, a journeyman HOFi of Fedhas (Orc:2)
  A stone giant (Orc:1)
  Snorg (Orc:2)
  3 ettins
  Josephine (D:15)
  A shambling mangrove (Swamp:1)
  A great orb of eyes (D:15)
  A rakshasa (D:15)
  An alligator (Swamp:1)
  5 hydras
  5 centaur warriors
  3 ogre magi
  16 two-headed ogres
  A tengu warrior (D:15)
  3 boulder beetles
  8 death yaks
  Urug (D:10)
  2 orc high priests
  Sonja (Lair:3)
  A spriggan (Swamp:1)
  Amaemon (D:10)
  A deep elf knight (D:13)
  Nergalle (Lair:1)
  A fire crab (Lair:5)
  2 skysharks (Lair:5)
  2 goliath frogs (Swamp:1)
  5 bog bodies
  A necromancer (D:9)
  10 orc knights
  5 deep elf pyromancers
  A deep elf zephyrmancer (D:13)
  22 ugly things
  7 orc sorcerers
  16 cyclopes
  A manticore (D:14)
  Maurice (D:11)
  6 black mambas
  10 elephants
  An orange demon (D:11)
  A black mamba (shapeshifter) (D:15)
  2 torpor snails
  22 cane toads
  11 komodo dragons
  3 freezing wraiths
  An unseen horror (D:11)
  6 rime drakes
  3 tengu conjurers
  An efreet (D:15)
  2 yaktaurs (D:13)
  5 polar bears
  A tarantella (shapeshifter) (D:15)
  9 trolls
  Prince Ribbit (D:6)
  7 saltlings (Orc:2)
  4 tyrant leeches
  4 hornets (Swamp:1)
  21 blink frogs
  7 dream sheep
  2 shadows
  27 slime creatures
  6 wraiths
  A basilisk (shapeshifter) (D:14)
  2 steam dragons
  A fire bat (D:6)
  6 wyverns
  49 yaks
  4 hogs (Lair:3)
  A basilisk (Lair:2)
  11 vampire mosquitoes
  7 wargs (Orc:1)
  2 swamp worms (Swamp:1)
  3 acid dragons
  11 water moccasins
  15 orc warriors
  A swamp drake (Swamp:1)
  5 ice beasts (D:10)
  3 black bears
  A sky beast (D:7)
  14 ogres
  3 boggarts (D:14)
  14 centaurs
  8 wolves
  A kobold brigand (D:9)
  26 bullfrogs
  3 gnoll sergeants
  A necrophage (D:4)
  3 scorpions (D:4)
  5 wights (D:8)
  6 killer bees (D:9)
  5 electric eels
  4 howler monkeys (D:9)
  A bombardier beetle (D:5)
  A gnoll bouda (D:9)
  7 hounds
  13 jellies
  7 orc priests
  2 sleepcaps
  2 iguanas
  5 hell rats (Lair:3)
  23 orc wizards
  2 yak simulacra (D:9)
  A polar bear simulacrum (D:9)
  4 wolf simulacra (D:9)
  A hound skeleton (D:4)
  13 adders
  18 gnolls
  A white imp (D:5)
  2 dart slugs
  2 ribbon worms (D:2)
  77 orcs
  5 ball pythons
  9 bats
  6 endoplasms
  5 giant cockroaches
  5 goblins
  4 hobgoblins
  3 jackals (D:5)
  4 quokkas
  A ball python (shapeshifter) (D:15)
  2 frilled lizards
  9 kobolds
  4 rats
  4 river rat simulacra (D:9)
757 creatures vanquished.

Vanquished Creatures (others)
  2 humans (Lair:3)
  2 orc wizards
4 creatures vanquished.

Grand Total: 761 creatures vanquished

Notes
Turn   | Place    | Note
-------+----------+-------------------------------------------
     0 | D:1      | Xomster the Minotaur Berserker began the quest for the Orb.
     0 | D:1      | Reached XP level 1. HP: 19/19 MP: 0/0
    25 | D:1      | Found a faded altar of an unknown god.
   357 | D:1      | Reached XP level 2. HP: 26/27 MP: 1/1
   359 | D:1      | Reached skill level 4 in Axes
   896 | D:2      | Reached XP level 3. HP: 31/33 MP: 2/2
   972 | D:2      | Found a basalt altar of Yredelemnul.
  1008 | D:2      | Reached ** piety under Trog
  1731 | D:3      | Found a shadowy altar of Dithmenos.
  1840 | D:3      | Reached XP level 4. HP: 40/40 MP: 3/3
  2042 | D:4      | Noticed a scorpion
  2049 | D:4      | Killed a scorpion
  2050 | D:4      | Reached skill level 5 in Axes
  2056 | D:4      | Reached XP level 5. HP: 47/47 MP: 4/4
  2167 | D:4      | Reached XP level 6. HP: 55/55 MP: 5/5
  2263 | D:4      | Reached skill level 5 in Fighting
  2263 | D:4      | Reached skill level 6 in Axes
  2284 | D:4      | Found a burning altar of Makhleb.
  2330 | D:4      | Reached XP level 7. HP: 61/61 MP: 6/6
  2368 | D:4      | Reached skill level 7 in Axes
  2433 | D:4      | Reached *** piety under Trog
  2891 | D:5      | Entered Level 5 of the Dungeon
  2988 | D:5      | Reached skill level 5 in Armour
  3081 | D:5      | Found a sacrificial altar of Ru.
  3312 | D:5      | Identified the +1 quarterstaff "Goffikhi" {venom, Fly rElec
                  | Stlth+}
  3371 | D:5      | Reached skill level 8 in Axes
  3371 | D:5      | Reached skill level 5 in Dodging
  3371 | D:5      | Reached XP level 8. HP: 61/70 MP: 7/7
  4003 | D:6      | Found a staircase to the Ecumenical Temple.
  4064 | D:6      | Found an opulent altar of Gozag.
  4246 | D:6      | Found a transporter.
  4273 | D:6      | Noticed Prince Ribbit
  4291 | D:6      | Killed Prince Ribbit
  4375 | D:6      | Found a transporter.
  4550 | D:6      | Reached skill level 9 in Axes
  4679 | D:6      | Identified a scroll of acquirement
  4679 | D:6      | Acquired 638 gold pieces
  4776 | D:7      | Found a stormy altar of Qazlal.
  4876 | D:7      | Found an iron altar of Okawaru.
  5642 | D:8      | Reached XP level 9. HP: 77/79 MP: 8/8
  5732 | D:8      | Reached skill level 10 in Axes
  5914 | D:8      | Reached **** piety under Trog
  5967 | D:8      | Reached skill level 11 in Axes
  6109 | D:8      | Found a radiant altar of Vehumet.
  6207 | D:9      | Reached skill level 12 in Axes
  6316 | D:9      | Noticed a polar bear
  6344 | D:9      | Killed a polar bear
  6478 | D:9      | Noticed a polar bear
  6478 | D:9      | Noticed a necromancer
  6495 | D:9      | Killed a necromancer
  6496 | D:9      | Reached XP level 10. HP: 86/86 MP: 9/9
  6555 | D:9      | Reached skill level 13 in Axes
  6702 | D:9      | Found a staircase to the Lair.
  6707 | D:9      | Noticed a death yak
  6707 | D:9      | Noticed a death yak
  6826 | D:9      | Killed a death yak
  6833 | D:9      | Noticed a death yak
  6837 | D:9      | Noticed a death yak
  6845 | D:9      | Noticed a death yak
  6850 | D:9      | Killed a death yak
  6851 | D:9      | Reached skill level 14 in Axes
  6858 | D:9      | Killed a death yak
  6862 | D:9      | Killed a death yak
  6867 | D:9      | Killed a death yak
  6868 | D:9      | Reached skill level 15 in Axes
  6868 | D:9      | Reached skill level 10 in Dodging
  6934 | D:9      | Noticed a two-headed ogre
  6943 | D:9      | Killed a two-headed ogre
  6944 | D:9      | Reached XP level 11. HP: 52/92 MP: 10/10
  7163 | D:9      | Found a shimmering altar of Xom.
  7327 | D:9      | Reached skill level 1 in Shields
  7397 | D:9      | Reached ***** piety under Trog
  7501 | D:9      | Found a sparkling altar of Nemelex Xobeh.
  7663 | D:10     | Entered Level 10 of the Dungeon
  7668 | D:10     | Found a runed translucent gate.
  7668 | D:10     | Found a runed translucent gate.
  7670 | D:10     | Noticed riffraff's ghost (journeyman HOFi)
  7671 | D:10     | Found a runed translucent gate.
  7671 | D:10     | Noticed eggzz's ghost (journeyman MiFi)
  7671 | D:10     | Noticed elbjorno's ghost (journeyman OnSh)
  7674 | D:10     | Found the +5 demon whip "Spellbinder" {antimagic, disrupt,
                  | Will+}
  7689 | D:10     | Noticed a centaur warrior
  7739 | D:10     | Noticed cfcfcfcfcf's ghost (journeyman FoFi)
  7776 | D:10     | Noticed a two-headed ogre
  7787 | D:10     | Killed a two-headed ogre
  7847 | D:10     | Killed a centaur warrior
  7848 | D:10     | Reached skill level 16 in Axes
  8031 | D:10     | Reached skill level 5 in Shields
  8031 | D:10     | Noticed Urug
  8052 | D:10     | Killed Urug
  8907 | D:10     | Found a bloodstained altar of Trog.
  8909 | D:10     | Found a white marble altar of Elyvilon.
  8911 | D:10     | Found a hide-covered altar of Uskayaw.
  9130 | D:11     | Noticed Maurice
  9147 | D:11     | Something stole 6 javelins
  9164 | D:11     | Killed Maurice
  9164 | D:11     | Received a gift from Trog
  9254 | D:11     | Found a staircase to the Orcish Mines.
  9559 | D:11     | Noticed a two-headed ogre
  9573 | D:11     | Killed a two-headed ogre
  9596 | D:11     | Found Vamiuxtu's Assorted Antiques.
  9661 | D:11     | Noticed a boulder beetle
  9678 | D:11     | Killed a boulder beetle
  9728 | D:11     | Noticed Amaemon
  9747 | D:10     | Killed Amaemon
  9748 | D:10     | Reached skill level 10 in Shields
 10273 | D:11     | Noticed a boulder beetle
 10302 | D:11     | Killed a boulder beetle
 10303 | D:11     | Reached XP level 12. HP: 92/100 MP: 11/11
 10876 | D:12     | Noticed a two-headed ogre
 10881 | D:12     | Killed a two-headed ogre
 11299 | D:12     | Identified the +0 leather armour of the Ego {Int+3}
 12301 | D:12     | Noticed a centaur warrior
 12315 | D:12     | Killed a centaur warrior
 12559 | Orc:1    | Entered Level 1 of the Orcish Mines
 12674 | Orc:1    | Noticed an ettin
 12691 | Orc:1    | Killed an ettin
 12822 | Orc:1    | Received a gift from Trog
 13005 | Orc:1    | Noticed an orc high priest
 13034 | Orc:1    | Killed an orc high priest
 13035 | Orc:1    | Reached skill level 10 in Fighting
 13193 | Orc:1    | Found Fiuph's General Store.
 13194 | Orc:1    | Found Soomoyfath's Weapon Shoppe.
 13366 | Orc:1    | Found Tekli's Book Emporium.
 13399 | Orc:1    | Found Ysaecokh's Assorted Antiques.
 13696 | Orc:1    | Noticed a two-headed ogre
 13696 | Orc:1    | Noticed a two-headed ogre
 13705 | Orc:1    | Killed a two-headed ogre
 13706 | Orc:1    | Reached skill level 17 in Axes
 13706 | Orc:1    | Reached XP level 13. HP: 104/114 MP: 12/12
 13716 | Orc:1    | Reached skill level 10 in Armour
 14299 | Orc:1    | Noticed an ettin
 14301 | Orc:1    | Noticed a stone giant
 14316 | Orc:1    | Killed an ettin
 14555 | Orc:1    | Killed a stone giant
 14678 | Orc:1    | Identified the +8 morningstar "Jecsu" {drain, rElec rF-
                  | SInv Stlth+}
 14843 | Orc:1    | Paralysed by an orc sorcerer for 4 turns
 15258 | Orc:1    | Found Zufuon's Antique Armour Shoppe.
 15319 | Orc:2    | Entered Level 2 of the Orcish Mines
 15589 | Orc:2    | Found a runed translucent gate.
 15589 | Orc:2    | Found a staircase to the Elven Halls.
 15590 | Orc:2    | Found a runed translucent gate.
 15590 | Orc:2    | Found a runed translucent gate.
 15634 | Orc:2    | Received a gift from Trog
 15890 | Orc:2    | Noticed Snorg
 15905 | Orc:2    | Killed Snorg
 16021 | Orc:2    | Reached skill level 18 in Axes
 16234 | Orc:2    | Noticed postfeelist's ghost (journeyman HOFi)
 16449 | Orc:2    | Found Hicsorr's Armour Shoppe.
 16468 | Orc:2    | Noticed an ettin
 16484 | Orc:2    | Found Femay's Jewellery Boutique.
 16489 | Orc:2    | Killed an ettin
 16498 | Orc:2    | Reached XP level 14. HP: 36/120 MP: 13/13
 16864 | Orc:2    | Found Plog's Jewellery Boutique.
 16875 | Orc:2    | Bought a ring of the Octopus King {rCorr HP+2 AC+2 EV+2
                  | SH+2} for 789 gold pieces
 16875 | Orc:2    | Found the ring of the Octopus King {rCorr HP+2 AC+2 EV+2
                  | SH+2}
 16875 | Orc:2    | Bought the ring "Tierphee" {rElec rN+++ Will- Str+6 SInv}
                  | for 994 gold pieces
 16900 | Orc:2    | Found Hiubbis's Antique Weapon Shop.
 16933 | Orc:2    | HP: 6/127 [poisoned by an orc knight]
 17315 | Orc:2    | Killed postfeelist's ghost
 18461 | D:13     | Identified the +4 demon trident of Shrieking Terror {flame,
                  | Str+4} (Trog gifted it to you on level 13 of the Dungeon)
 18461 | D:13     | Received a gift from Trog
 18471 | D:13     | Reached skill level 19 in Axes
 18677 | D:13     | Identified the +2 troll leather armour of Cynicism {+Blink
                  | rC+ rN+ Regen+}
 18747 | D:13     | Found a gate to the Vaults.
 20174 | D:15     | Entered Level 15 of the Dungeon
 20174 | D:15     | Noticed Josephine
 20180 | D:15     | Killed Josephine
 20684 | D:15     | Reached XP level 15. HP: 132/132 MP: 14/14
 20829 | D:15     | Reached skill level 20 in Axes
 20966 | D:15     | Found a hide-covered altar of Uskayaw.
 21156 | D:15     | Received a gift from Trog
 21326 | D:15     | Found a staircase to the Depths.
 21842 | Lair:1   | Entered Level 1 of the Lair of Beasts
 21879 | Lair:1   | Reached skill level 15 in Armour
 22065 | Lair:1   | You fall into a shaft and drop 1 floor!
 22483 | Lair:1   | Noticed Nergalle
 22491 | Lair:1   | Killed Nergalle
 22816 | Lair:1   | Reached ****** piety under Trog
 23875 | Lair:3   | Received a gift from Trog
 24064 | Lair:3   | Noticed Kirke
 24074 | Lair:3   | Killed Kirke
 24106 | Lair:3   | Noticed Sonja
 24136 | Lair:3   | Killed Sonja
 24222 | Lair:3   | Found a hole to the Spider Nest.
 24516 | Lair:3   | Found a staircase to the Swamp.
 25976 | Lair:5   | Entered Level 5 of the Lair of Beasts
 26113 | Lair:5   | Identified the +1 robe of the Dropbear {^Contam *Slow
                  | Regen+ Str+8}
 26217 | Lair:5   | Received a gift from Trog
 26252 | Lair:5   | Found a staircase to the Slime Pits.
 26305 | Lair:5   | Reached XP level 16. HP: 135/146 MP: 15/15
 27025 | Lair:5   | Reached skill level 15 in Fighting
 27345 | Lair:5   | Found the +2 Maxwell's thermic engine {flame, freeze, rev}
 27366 | Lair:5   | Identified the ring "Qunaugh" {rPois rCorr}
 27716 | Swamp:1  | Entered Level 1 of the Swamp
 27725 | Swamp:1  | Received a gift from Trog
 28047 | Swamp:1  | Paralysed by a hornet for 1 turns
 28072 | Swamp:1  | Killed from afar by a spriggan druid

Illustrated notes

Levels and vault maps discovered:
D:1:      roadster_arrival_rocket_small, layout_loops_ring,
          hellmonk_ecumenical_altar_run_dry
D:2:      layout_loops_corners, basic_altar
D:3:      layout_rooms, mainiacjoe_overflow_cross_hatched
D:4:      layout_loops_ring, makhleb_blood_cavern_becter
D:5:      layout_basic, nicolae_ru_great_annihilating_truth,
          kennysheep_generic_room_16
D:6:      gammafunk_cloud_chamber, layout_loops_cross,
          overflow_temple_1_default, minmay_temple_entry_junction,
          uniq_prince_ribbit1
D:7:      nicolae_cairo_tiling_large, layout_basic, grunt_qazlal_sundering,
          okawaru_trees_2
D:8:      layout_basic, vehumet_statue
D:9:      layout_loops_cross, mainiacjoe_overflow_24_doors,
          nemelex_diamond_rough_becter, dpeg_lair_monsters,
          eino_house_with_fridge
D:10:     minmay_twisted_water, layout_basic, grunt_temple_overflow_open,
          gammafunk_ghost_cemetery, minmay_chambers_of_fives, uniq_urug
D:11:     layout_gridville, hiddenorc2_lemuel, portal_ice_cave_rime,
          serial_shops, shop, uniq_amaemon, uniq_maurice
D:12:     layout_long_grid
D:13:     layout_rooms, hangedman_vaults_entry_quadrant_bands
D:14:     layout_rooms
D:15:     gammafunk_enter_depths_forms, layout_basic, grunt_decor_junction,
          nicolae_uskayaw_en_pointe, uniq_josephine
Lair:1:   layout_long_grid, nicolae_quartered_pool_little, grunt_megastairs_5,
          uniq_nergalle
Lair:2:   layout_roguey, chequers_serial_rivers_micro_a,
          infiniplex_staircase_pool_2
Lair:3:   layout_concentric_octagons, skrybe_swamp_entry_bodies,
          dummy_spider_entry, serial_bayou_pond_b, uniq_sonja, uniq_kirke
Lair:4:   layout_cellular_growth, st_stairs_6, minmay_lair_oklob_bushes,
          nicolae_lair_grove_arrangements, grunt_megastairs_3
Lair:5:   minmay_lair_end_frog_pond, layout_regular_city,
          minmay_slime_entry_jelly_boxes, grunt_forest_small_clearing_treed
Swamp:1:  layout_basic_swamp, evilmike_swamp_ruin_house_5,
          infiniplex_staircase_pool
Orc:1:    giant_chief_lemuel, layout_caves, serial_shops, shop,
          nicolae_shop_statue_plus, shop, guppyfry_orc_lava_fort
Orc:2:    hellmonk_orc_salted, layout_caves, special_room,
          ebering_ghost_rock_garden, nicolae_orc_minecarts, uniq_snorg

Skill      XL: |  1  2  3  4  5  6  7  8  9 10 11 12 13 14 15 16 |
---------------+-------------------------------------------------+-----
Axes           | 4 5 6 8 9 12 15 16 17 18 19 20 | 20.9
Fighting       | 4 5 6 7 10 11 14 15 | 15.6
Armour         | 3 4 5 6 9 12 14 16 17 | 17.7
Dodging        | 3 4 5 6 8 10 | 10.2
Shields        | 10 11 12 14 | 14.4

Action                     |  1- 3 |  4- 6 |  7- 9 | 10-12 | 13-15 | 16-18 || total
---------------------------+-------+-------+-------+-------+-------+-------++-------
  Melee: Hand axe          |    25 |       |    61 |       |       |       ||    86
         Whip              |    63 |    52 |   128 |       |       |       ||   243
         Punch             |     2 |     1 |     3 |     2 |       |       ||     8
         Headbutt          |     4 |    10 |    58 |   146 |   293 |    62 ||   573
         War axe           |       |       |    85 |   571 |   593 |     9 ||  1258
         Broad axe         |       |       |       |       |   559 |   231 ||   790
   Fire: Sling             |       |       |       |       |    19 |       ||    19
  Throw: Dart              |       |       |     5 |    29 |    58 |       ||    92
 Invoke: Trog's Hand       |       |     1 |     1 |     3 |     1 |       ||     6
         Berserk           |       |       |     1 |     4 |     3 |       ||     8
  Evoke: Wand              |       |       |     2 |       |       |     5 ||     7
    Use: Scroll            |     5 |     4 |    12 |     5 |     3 |       ||    29
         Potion            |       |       |       |       |     1 |       ||     1
   Stab: Invisible         |       |       |     2 |       |       |       ||     2
         Distracted        |       |       |       |       |     1 |       ||     1
 Armour: Ring mail         |    42 |    22 |    60 |       |       |       ||   124
         Animal skin       |     1 |       |       |       |       |       ||     1
         Chain mail        |       |       |   126 |   312 |    45 |       ||   483
         Plate armour      |       |       |       |       |   461 |   102 ||   563
  Dodge: Dodged            |    47 |    35 |   111 |   142 |   335 |    90 ||   760
  Block: Kite shield       |       |       |       |   168 |   392 |       ||   560
         Buckler           |       |       |       |       |   143 |    74 ||   217
         Reflection        |       |       |       |       |     2 |     1 ||     3
